Map: Daybreak LE (Void)

Players

Musumeci

  • Race: Zerg Zerg
  • League: Diamond
  • Spawn Location: 1:00

Cheater 1 (Insane) - Winner!

  • Race: Protoss Protoss
  • Spawn Location: 7:00

VOD

Have the link to the VOD?

Description

Time

  • Played on: Jan. 1, 2017, 2:10 p.m.
  • Length: 4:24
Show
View Real Time Build Order
Export as new Build Order

Musumeci Zerg 

Build Orders: Pool Only 

Get SALT Encoding   

  12  0:03  Extractor  
  11  0:21  Spawning Pool  
  11  0:26  Drone  
  11  0:33  Drone  
  12  0:40  Drone  
  13  0:54  Overlord  
  13  1:08  Metabolic Boost  
  13  1:10  Zergling x2  
  14  1:14  Zergling x2  
  15  1:18  Zergling x2  
  16  1:30  Zergling x2  
  17  1:33  Zergling x2  
  17  1:38  Queen  
  20  1:43  Zergling x2  
  21  1:54  Zergling x2  
  22  2:12  Overlord  
  21  2:18  Zergling x2  
  21  2:30  Zergling x2  
  21  2:39  Zergling x2  
  18  2:56  Zergling x2  
  19  3:02  Zergling x2  
  17  3:29  Zergling x8  
  21  3:42  Zergling x4  
  23  4:02  Zergling x6  
Show
View Real Time Build Order
Export as new Build Order

Cheater 1 (Insane) Protoss - Winner!

Build Orders:  

Get SALT Encoding   

  12  0:01  Probe (Chrono Boost)  
  13  0:11  Probe (Chrono Boost)  
  14  0:18  Pylon  
  14  0:22  Probe (Chrono Boost)  
  15  0:37  Probe (Chrono Boost)  
  15  0:40  Assimilator  
  16  0:45  Gateway  
  16  0:47  Probe (Chrono Boost)  
  17  0:53  Pylon  
  17  0:58  Probe (Chrono Boost)  
  18  1:08  Probe (Chrono Boost)  
  19  1:19  Probe (Chrono Boost)  
  19  1:25  Gateway  
  20  1:30  Zealot, Probe (Chrono Boost)  
  23  1:34  Pylon  
  23  1:36  Cybernetics Core  
  23  1:42  Probe (Chrono Boost)  
  24  1:53  Probe (Chrono Boost)  
  25  1:55  Zealot  
  27  2:04  Probe (Chrono Boost)  
  27  2:05  Gateway  
  28  2:12  Adept  
  31  2:16  Probe (Chrono Boost)  
  29  2:25  Gateway  
  31  2:34  Pylon  
  31  2:37  Pylon  
  31  2:49  Stalker  
  31  2:50  Stalker  
  31  2:53  Assimilator  
  31  2:54  Probe (Chrono Boost)  
  36  3:04  Pylon  
  37  3:06  Pylon, Probe (Chrono Boost)  
  37  3:11  Adept  
  39  3:15  Adept  
  39  3:19  Zealot  
  43  3:38  Stalker, Pylon  
  43  3:40  Stalker  
  45  3:45  Stalker  
  49  4:08  Pylon  
Tags
 
League
Diamond
Matchup
PvZ
Opening
Pool Only
Replay Pack
replay pack
Spawn Locations
Cross Positions
Add a new tag
Caveats
  • Supply blocks, unpowered buildings, or Contaminate may cause inaccurate times.
  • Supply counts are checked every 10 seconds.